 Dungeon Crawl Stone Soup version 0.23.0 (webtiles) character file.

Game seed: 8767266181634279144

3790 Borgoz the Slicer (level 10, -9/64 HPs)
             Began as a Kobold Monk on Feb 17, 2019.
             Was a Priest of Dithmenos.
             Killed by divine providence
             ... invoked by an orc priest
              (13 damage)
             ... on level 8 of the Dungeon.
             The game lasted 00:14:16 (8338 turns).

Borgoz the Slicer (Kobold Monk)                     Turns: 8338, Time: 00:14:17

Health: -9/64      AC:  6    Str:  8    XL:     10   Next: 39%
Magic:  10/10      EV: 23    Int: 12    God:    Dithmenos [***...]
Gold:   515        SH:  0    Dex: 21    Spells: 9/9 levels left

rFire    . . .     SeeInvis .   a - +4 rapier (flame)
rCold    . . .     Gourm    .   (shield restricted)
rNeg     . . .     Faith    .   D - +0 robe (curse)
rPois    .         Spirit   .   (no helmet)
rElec    .         Reflect  .   d - +0 cloak
rCorr    .         Harm     .   l - +0 pair of gloves
MR       .....                  (no boots)
Stlth    +++++++...             x - amulet of rage
HPRegen  0.20/turn              r - +2 ring of protection
MPRegen  0.12/turn              (no ring)

@: hasted, wreathed by umbra, very quick
A: small, carnivore
a: Shadow Step, Renounce Religion, Evoke Berserk Rage


You were on level 8 of the Dungeon.
You worshipped Dithmenos.
Dithmenos was most pleased with you.
You were completely stuffed.

You visited 2 branches of the dungeon, and saw 9 of its levels.

You collected 515 gold pieces.

Inventory:

Hand Weapons
 a - a +4 rapier of flaming (weapon)
 t - a +2 dagger of venom
 B - a +2 dagger of draining
Missiles
 e - a throwing net (quivered)
 G - 10 poisoned needles
Armour
 d - a +0 cloak (worn)
 l - a +0 pair of gloves (worn)
 y - a +0 shield
 D - a cursed +0 robe (worn)
Jewellery
 b - a cursed -3 ring of intelligence {unknown}
 r - a +2 ring of protection (left hand)
 x - an amulet of rage (around neck)
Wands
 E - a wand of digging (5)
 H - a wand of acid (13)
Scrolls
 f - a scroll of fog
 g - 4 scrolls of remove curse
 i - 3 scrolls of random uselessness {unknown}
 m - 2 scrolls of teleportation {unknown}
 n - 6 scrolls of magic mapping
 o - 2 scrolls of noise {unknown}
 q - a scroll of immolation {unknown}
 s - 2 scrolls of enchant weapon {unknown}
 u - a scroll of amnesia {unknown}
 w - a scroll of fear {unknown}
 F - 2 scrolls of identify
Potions
 h - a potion of haste
 j - 6 potions of curing
 k - a potion of magic {unknown}
 p - 2 potions of mutation
 v - a potion of cancellation
 z - a potion of resistance {unknown}
 A - a potion of flight {unknown}
 C - a potion of lignification {unknown}
Comestibles
 c - 16 rations
 I - 4 chunks of flesh


   Skills:
 + Level 8.3 Fighting
 + Level 9.9 Short Blades
 + Level 3.5 Armour
 + Level 8.8 Dodging
 + Level 9.8 Stealth


You had 9 spell levels left.
You didn't know any spells.
Your spell library was empty.

Dungeon Overview and Level Annotations

Branches:
Dungeon (8/15)             Temple (1/1) D:5
   Lair: D:8-11

Altars:
Ashenzari
Cheibriados
Dithmenos
Elyvilon
Fedhas
Gozag
Hepliaklqana
Nemelex Xobeh
Qazlal
Ru
Sif Muna
Uskayaw
Vehumet
Wu Jian
Xom
Yredelemnul
Zin
The Shining One

Shops:
D:4 (


Innate Abilities, Weirdness & Mutations

You are small and have problems with some larger weapons.
You are carnivorous and can eat meat at any time.


Message History

The orc warrior hits you with a +2 short sword of speed!
The orc priest completely misses you.
You hit the orc priest but do no damage.
The orc priest is heavily wounded.
The orc warrior misses you.
You hit the orc priest but do no damage.
The orc priest is heavily wounded.
The orc priest misses you.
The orc warrior hits you with a +2 short sword of speed!
Okay, then.
Okay, then.
You feel yourself speed up.
The orc warrior hits you with a +2 short sword of speed!
* * * LOW HITPOINT WARNING * * *
The orc priest mumbles some strange prayers to Beogh against you.
Beogh smites you!
* * * LOW HITPOINT WARNING * * *
The orc priest calls down the wrath of Beogh upon you.
Beogh smites you!
You die...

.......##+##...... .......
...........#.... #.......
#######....#..#####......
#.....#....#..#..........
......#....#..#.......#
#.....#....#..#.......+
#.....#....#.oo...._..# ..
#.....#.†..#..#.o.....# ...
#.....#....#..#.@.....# ..#
#.....#....####....#..######..##
####'##....# +....#............
#.....'....# #....#............
#.....#....# #....#+###........
#.....#....# #........#..###..#
#######....# #####....#..#######
......+....# #....'.......#.
......#....+ #....#.......#.


You could see an orc warrior, an orc priest and an orc.

Vanquished Creatures
  A two-headed ogre (D:7)
  Prince Ribbit (D:6)
  Grinder (D:6)
  A hippogriff (D:8)
  Sigmund (D:6)
  The ghost of fartymcfart the Ducker, an amateur DsWn of Vehumet (D:4)
  A hungry ghost (D:8)
  A water moccasin (D:6)
  Duvessa (D:4)
  An orc warrior (D:7)
  5 ogres
  2 centaurs
  A big kobold (D:7)
  2 bullfrogs (D:7)
  Dowan (D:4)
  A scorpion (D:8)
  A howler monkey (D:5)
  A centaur zombie (D:7)
  A crimson imp (D:7)
  2 bullfrog zombies (D:6)
  An orc priest (D:5)
  2 jellies
  3 hounds
  A bullfrog skeleton (D:7)
  A centaur skeleton (D:5)
  An iguana (D:8)
  5 worker ants
  9 orc wizards
  6 adders
  An ooze (D:2)
  An adder zombie (D:7)
  2 adder skeletons
  A worm (D:3)
  3 dart slugs
  2 leopard geckos
  20 orcs
  4 giant cockroaches
  8 goblins
  10 hobgoblins
  10 jackals
  2 quokkas
  6 bats
  5 frilled lizards
  A jackal zombie (D:5)
  11 kobolds
  A quokka skeleton (D:6)
  A quokka zombie (D:5)
  7 rats
152 creatures vanquished.

Notes
Turn   | Place    | Note
-------+----------+-------------------------------------------
     0 | D:1      | Borgoz the Kobold Monk began the quest for the Orb.
     0 | D:1      | Reached XP level 1. HP: 14/14 MP: 1/1
   212 | D:1      | Reached XP level 2. HP: 14/19 MP: 2/2
   640 | D:2      | Reached XP level 3. HP: 22/24 MP: 3/3
  1449 | D:3      | Reached XP level 4. HP: 25/29 MP: 4/4
  1498 | D:3      | Found a hazy altar of Hepliaklqana.
  1583 | D:3      | Reached skill level 5 in Short Blades
  1873 | D:3      | Reached XP level 5. HP: 33/34 MP: 5/5
  2500 | D:4      | Reached XP level 6. HP: 28/39 MP: 6/6
  2507 | D:4      | Found a runed translucent gate.
  2507 | D:4      | Found a runed translucent gate.
  2762 | D:4      | Found a runed translucent gate.
  2768 | D:4      | Noticed fartymcfart's ghost (amateur DsWn)
  3027 | D:4      | Noticed Duvessa
  3030 | D:5      | Entered Level 5 of the Dungeon
  3044 | D:5      | Found a staircase to the Ecumenical Temple.
  3115 | Temple   | Entered the Ecumenical Temple
  3198 | Temple   | Became a worshipper of Dithmenos the Shadowed
  3198 | Temple   | Reached * piety under Dithmenos
  3198 | Temple   | Reached ** piety under Dithmenos
  3395 | D:5      | Reached skill level 5 in Fighting
  3534 | D:5      | Reached skill level 5 in Dodging
  3546 | D:5      | Reached skill level 5 in Stealth
  3547 | D:5      | Identified the cursed +0 dire flail of Foul Odors {crush,
                  | rElec Dex+3}
  3739 | D:5      | Found an ornate altar of the Wu Jian Council.
  3808 | D:5      | Reached XP level 7. HP: 13/44 MP: 7/7
  4074 | D:5      | Found a sparkling altar of Nemelex Xobeh.
  4075 | D:5      | Found a basalt altar of Yredelemnul.
  4075 | D:5      | Found a blossoming altar of Fedhas.
  4607 | D:4      | Found Osauwe Voiqi's Weapon Emporium.
  4614 | D:4      | Noticed Dowan
  4635 | D:4      | Killed Duvessa
  4647 | D:4      | Killed Dowan
  4647 | D:4      | Reached XP level 8. HP: 26/51 MP: 8/8
  5055 | D:4      | Killed fartymcfart's ghost
  5503 | D:6      | Noticed Prince Ribbit
  5531 | D:6      | Killed Prince Ribbit
  5831 | D:6      | Found a glowing golden altar of the Shining One.
  5853 | D:6      | Reached XP level 9. HP: 56/56 MP: 9/9
  6055 | D:6      | Noticed Sigmund
  6073 | D:6      | Killed Sigmund
  6073 | D:6      | Reached skill level 1 in Armour
  6141 | D:6      | Noticed Grinder
  6160 | D:6      | Paralysed by Grinder for 4 turns
  6167 | D:6      | Killed Grinder
  6183 | D:6      | Found a shattered altar of Ashenzari.
  6459 | D:7      | Reached *** piety under Dithmenos
  6869 | D:7      | Noticed a two-headed ogre
  6896 | D:7      | Killed a two-headed ogre
  6896 | D:7      | Reached XP level 10. HP: 37/64 MP: 10/10
  7445 | D:7      | Found a radiant altar of Vehumet.
  8298 | D:8      | Found a deep blue altar of Sif Muna.
  8338 | D:8      | Killed from afar by an orc priest

Skill      XL: |  1  2  3  4  5  6  7  8  9 |
---------------+----------------------------+-----
Stealth        | 3 4 5 6 7 9 |  9.8
Fighting       | 4 5 6 8 |  8.3
Dodging        | 4 5 7 8 |  8.8
Short Blades   | 5 6 7 8 9 |  9.9
Armour         | 3 |  3.5

Action                   |  1- 3 |  4- 6 |  7- 9 | 10-12 || total
-------------------------+-------+-------+-------+-------++-------
Melee: Short sword       |   102 |       |       |       ||   102
       Dagger            |     5 |   230 |   383 |   122 ||   740
       Rapier            |       |       |       |    14 ||    14
 Abil: Evoke Berserk Rag |       |       |     2 |       ||     2
Evoke: Wand              |       |       |    11 |       ||    11
  Use: Scroll            |       |     9 |     2 |       ||    11
       Potion            |       |       |     4 |     1 ||     5
 Stab: Sleeping          |    15 |     1 |     7 |     2 ||    25
       Distracted        |       |       |     1 |     2 ||     3
  Eat: Chunk             |    10 |     8 |    11 |     5 ||    34
Armor: Robe              |     6 |    29 |    16 |     7 ||    58
Dodge: Dodged            |    51 |   158 |   219 |    93 ||   521
